 Dungeon Crawl Stone Soup version 0.31-a0-167-g1c394c0614 (webtiles) character file.

Game seed: 885407117668120042

113 qw the Shooter (level 4, -1/28 HPs)
             Began as a Gargoyle Hunter on June 14, 2023.
             Slain by a gnoll
             ... wielding a +0 spear
              (3 damage)
             ... on level 3 of the Dungeon.
             The game lasted 00:00:41 (1529 turns).

qw the Shooter (Gargoyle Hunter)                    Turns: 1529, Time: 00:00:41

Health: -1/28      AC:  8    Str: 15    XL:     4   Next: 96%
Magic:  4/4        EV: 11    Int:  9    God:
Gold:   89         SH:  0    Dex: 15    Spells: 3/3 levels left

rFire   . . .        Y - +0 shortbow (flame)
rCold   . . .        (shield currently unavailable)
rNeg    + . .        i - +0 ring mail
rPois   inf          (no helmet)
rElec   +            (no cloak)
rCorr   .            (no gloves)
SInv    .            (no boots)
Will    .....        (no amulet)
Stlth   +            (no ring)
HPRegen 0.24/turn    (no ring)
MPRegen 0.09/turn

%: no passive effects
@: no status effects
A: sickness immunity, AC +3, negative energy resistance 1, electricity
resistance, torment resistance 1, petrification resistance
a: no special abilities


You were on level 3 of the Dungeon.
You visited 1 branch of the dungeon, and saw 3 of its levels.

You collected 89 gold pieces.


Innate Abilities, Weirdness & Mutations

You are immune to sickness and miasma.
Your stone body is resilient. (AC +3)
You are immune to poison.
You resist negative energy. (rN+)
You are resistant to electric shocks. (rElec)
You are resistant to unholy torment.
You are immune to petrification.


   Skills:
 - Level 3.3 Fighting
 + Level 5.5 Ranged Weapons
 - Level 1.0 Armour
 - Level 1.5 Dodging
 - Level 1.1 Stealth


You had 3 spell levels left.
You didn't know any spells.
Your spell library was empty.

Inventory:

Hand Weapons
 Y - a +0 shortbow of flaming (weapon)
Armour
 i - a +0 ring mail (worn)
Scrolls
 b - 2 scrolls of identify
Potions
 a - a potion of attraction {unknown}
 c - a potion of magic {unknown}
 d - a potion of haste {unknown}
 e - a potion of curing {unknown}
 f - a potion of enlightenment {unknown}
 j - a potion of invisibility {unknown}

Dungeon Overview and Level Annotations

Branches:
Dungeon (3/15)

Altars:
Trog

Shops:
D:1 :*


Message History

The arrow hits the gnoll but does no damage.
You shoot an arrow. The arrow hits the gnoll.
The arrow burns the gnoll.
The gnoll is heavily wounded.
You shoot an arrow. The arrow barely misses the gnoll.
The arrow hits the gnoll but does no damage.
The gnoll hits you but does no damage. The gnoll hits you with a +0 flail.
You shoot an arrow. The arrow hits the gnoll!
The arrow burns the gnoll.
You kill the gnoll!
You shoot an arrow. The arrow hits the gnoll.
The arrow burns the gnoll.
The gnoll is lightly wounded.
The gnoll hits you with a +0 flail.
The gnoll hits you from afar with a +0 spear.
You shoot an arrow. The arrow closely misses the gnoll.
The arrow hits the gnoll!
The arrow burns the gnoll.
The gnoll is almost dead.
The gnoll misses you. The gnoll closely misses you.
You shoot an arrow. The arrow barely misses the gnoll.
The arrow completely misses the gnoll. x2
The gnoll barely misses you. The gnoll closely misses you.
The gnoll barely misses you. The gnoll hits you with a +0 flail.
You shoot an arrow. The arrow hits the gnoll.
The arrow burns the gnoll.
The gnoll is heavily wounded.
The gnoll hits you with a +0 flail. The gnoll closely misses you.
You shoot an arrow. The arrow completely misses the gnoll.
The arrow barely misses the gnoll.
The arrow hits the gnoll but does no damage.
The gnoll hits you but does no damage.
The gnoll hits you from afar with a +0 spear.
You shoot an arrow. The arrow hits the gnoll.
The arrow burns the gnoll.
You kill the gnoll!
The gnoll hits you but does no damage.
You shoot an arrow. The arrow barely misses the gnoll.
The arrow hits the gnoll.
The arrow burns the gnoll.
The gnoll is moderately wounded.
The gnoll hits you from afar with a +0 spear.
You shoot an arrow.
The arrow hits the gnoll but does no damage.
The gnoll is almost dead.
The gnoll hits you from afar with a +0 spear.
You die...

##.###.## # ##.#.## #.# #
##.## #.# # #.# #.# # #.#
#.# #.# #g# #.# #g# #####
#.# #)# ##.... #.# #@#
#######...## #.# #.#
#..........# #.# #.#
#.#####....# #.# #.# #.#
##.#.# #.# #.# #(# #.#.#
#.# #.#####.######.#.#
#.######...........##.#.#
#..........(....##.......
########..##.#.#.####.#.#


You could see 2 gnolls.

Vanquished Creatures
  Jessica (D:2)
  2 gnolls (D:3)
  3 worms
  7 bats
  4 endoplasms
  3 giant cockroaches
  5 goblins
  5 hobgoblins
  11 jackals
  3 kobolds
  3 quokkas (D:2)
  3 ball pythons
  A frilled lizard (D:3)
  A rat (D:3)
52 creatures vanquished.

Notes
Turn   | Place    | Note
-------+----------+-------------------------------------------
     0 | D:1      | qw the Gargoyle Hunter began the quest for the Orb.
     0 | D:1      | Reached XP level 1. HP: 12/12 MP: 1/1
     0 | D:1      | 0 ||| qw: Version: 0.2-a-29-g1fa15c8
     0 | D:1      | 0 ||| qw: Game counter: 4998
     0 | D:1      | 0 ||| qw: Always use a shield: true
     0 | D:1      | 0 ||| qw: God list: Okawaru
     0 | D:1      | 0 ||| qw: Allow faded altars: false
     0 | D:1      | 0 ||| qw: Do Orc after D:15 true
     0 | D:1      | 0 ||| qw: Do second Lair branch before Depths: true
     0 | D:1      | 0 ||| qw: Lair rune preference: random
     0 | D:1      | 0 ||| qw: Plans: Normal, Zot:1-4, Slime:5, God:TSO, Crypt,
                  | Tomb, Abyss, Pan, Hells, Win
     0 | D:1      | 0 ||| PLANNING D:1-11
    54 | D:1      | Found Lugu's Vocational Training.
    73 | D:1      | Reached XP level 2. HP: 17/17 MP: 2/2
   233 | D:1      | Found Likiadal's General Store.
   237 | D:1      | 237 ||| SHOPLISTING +0 ring mail (44 gold, have 4).
   237 | D:1      | 237 ||| SHOPLISTING scroll of identify (22 gold, have 4).
   407 | D:1      | Reached XP level 3. HP: 15/21 MP: 3/3
   497 | D:1      | You fall into a shaft and drop 1 floor!
   503 | D:2      | 503 ||| UPGRADING to +0 ring mail.
   513 | D:2      | 513 ||| DROPPING +0 leather armour.
   514 | D:2      | 514 ||| READING scroll labelled TUQUMM ZOBUAMU.
   515 | D:2      | 515 ||| READING scroll labelled OSEAPNIOFO.
   516 | D:2      | 516 ||| DROPPING scroll of butterflies.
   519 | D:2      | 519 ||| FLEEEEING.
   520 | D:2      | 520 ||| FLEEEEING.
   521 | D:2      | 521 ||| FLEEEEING.
   522 | D:2      | 522 ||| STAIRDANCE
   655 | D:2      | 655 ||| STAIRDANCE
   684 | D:2      | Found a faded altar of an unknown god.
   690 | D:2      | Reached skill level 1 in Armour
   729 | D:2      | Reached skill level 5 in Ranged Weapons
   900 | D:2      | Noticed Jessica
   908 | D:2      | Killed Jessica
   909 | D:2      | Reached skill level 3 in Fighting
   909 | D:2      | Reached XP level 4. HP: 18/28 MP: 4/4
  1015 | D:2      | Found a bloodstained altar of Trog.
  1184 | D:2      | 1184 ||| DROPPING ring of flight.
  1185 | D:2      | 1185 ||| READING 2 scrolls labelled PIFUMEGIUP.
  1186 | D:2      | 1186 ||| READING scroll labelled TADOVAO WISME.
  1353 | D:3      | Identified the +4 trident of the Pyrrhic Victory {elec,
                  | Fragile rElec rN+}
  1353 | D:3      | Identified the +0 scale mail of the Glowing Gods {*Corrode
                  | Fly SInv}
  1353 | D:3      | Noticed a gnoll sergeant
  1526 | D:3      | HP: 3/28 [gnoll/+0 spear (5)]
  1529 | D:3      | Slain by a gnoll

Levels and vault maps discovered:
D:1:      lemuel_arrival_behind_the_door_large, layout_basic, serial_shops,
          shop, nicolae_shop_vocational
D:2:      layout_rooms, basic_altar, ebering_ecumenical_altar_abandoned,
          grunt_ministairs_7, kennysheep_jessica_study
D:3:      layout_loops_ring, gammafunk_ghost_gnarly_gnolls, dk_vineyard_2

Skill      XL: |  1  2  3 |
---------------+----------+-----
Armour         | 1 |  1.0
Ranged Weapons | 5 |  5.5
Fighting       | 3 |  3.3
Dodging        | |  1.5
Stealth        | |  1.1

Action                     |  1- 3 |  4- 6 || total
---------------------------+-------+-------++-------
   Fire: Shortbow          |   106 |    62 ||   168
    Use: Scroll            |     2 |     2 ||     4
 Armour: Leather armour    |    21 |       ||    21
         Ring mail         |    12 |     8 ||    20
  Dodge: Dodged            |    56 |     8 ||    64

Table legend:
 A = Non-vault XP
 B = Vault XP
 C = Vault XP percentage of total XP
 D = Non-vault monster count
 E = Vault monster count
 F = Vault count percentage of total count
                 A         B        C        D         E       F
            +---------+---------+-------+---------+---------+-------
      Total |     119 |      43 |  26.5 |      48 |       4 |   7.7
            +---------+---------+-------+---------+---------+-------
        D:1 |      40 |       0 |   0.0 |      21 |       0 |   0.0
        D:2 |      27 |      43 |  61.4 |      14 |       4 |  22.2
        D:3 |      52 |       0 |   0.0 |      13 |       0 |   0.0
            +---------+---------+-------+---------+---------+-------
